 Dungeon Crawl Stone Soup version 0.23-a0-242-g2b5ca64 (webtiles) character file.

1934 tilp the Spear-Bearer (level 9, 0/65 HPs)
             Began as a Merfolk Ice Elementalist on Sept 28, 2018.
             Was a Believer of Makhleb.
             Slain by a slime creature (2 damage)
             ... on level 7 of the Dungeon.
             The game lasted 00:24:52 (9511 turns).

tilp the Spear-Bearer (Merfolk Ice Elementalist)    Turns: 9511, Time: 00:24:53

Health: 0/65       AC: 14    Str:  9    XL:     9   Next: 17%
Magic:  0/12       EV: 15    Int: 17    God:    Makhleb [**....]
Gold:   345        SH:  0    Dex: 14    Spells: 6/12 levels left

rFire    . . .     SeeInvis .   b - +0 trident
rCold    . . .     Gourm    .   (no shield)
rNeg     . . .     Faith    .   n - +2 animal skin
rPois    .         Spirit   .   o - +0 helmet
rElec    .         Reflect  .   l - +0 cloak
rCorr    .         Harm     .   y - +0 pair of gloves
MR       .....                  w - +0 pair of boots
Stlth    ++........             (no amulet)
HPRegen  0.20/turn              (no ring)
MPRegen  0.13/turn              (no ring)

@: icy armour
A: change form in water, swift swim, stealthy swim
a: Minor Destruction, Renounce Religion


You were on level 7 of the Dungeon.
You worshipped Makhleb.
Makhleb was pleased with you.
You were hungry.

You visited 2 branches of the dungeon, and saw 8 of its levels.

You collected 345 gold pieces.

Inventory:

Hand Weapons
 a - a +0 dagger of venom
 b - a +0 trident (weapon)
 j - a +0 dagger
 s - a cursed -2 short sword
 x - a +0 spear
 z - a +2 whip of electrocution
 A - a +0 halberd
 C - a +1 hand axe of flaming
Missiles
 e - 191 stones (quivered)
Armour
 l - a +0 cloak (worn)
 n - a +2 animal skin (worn)
 o - a +0 helmet (worn)
 w - a +0 pair of boots (worn)
 y - a +0 pair of gloves (worn)
Jewellery
 D - a cursed -4 ring of protection {unknown}
Scrolls
 d - 4 scrolls of remove curse
 g - 2 scrolls of identify {unknown}
 h - a scroll of random uselessness {unknown}
 i - a scroll of enchant armour {unknown}
 k - a scroll of immolation
 m - 3 scrolls of magic mapping
 q - a scroll of teleportation
 t - a scroll of amnesia
 u - a scroll of blinking
 v - a scroll of enchant weapon {unknown}
Potions
 f - a potion of might {unknown}
 p - a potion of mutation {unknown}
 r - a potion of ambrosia {unknown}
Comestibles
 c - 14 rations


   Skills:
 - Level 4.0 Fighting
 * Level 12.0 Polearms
 - Level 6.1 Dodging
 - Level 2.1 Stealth
 + Level 2.2 Spellcasting
 + Level 1.2 Conjurations
 + Level 1.1 Charms
 - Level 6.0 Ice Magic


You had 6 spell levels left.
You knew the following spells:

 Your Spells              Type           Power        Failure   Level  Hunger
a - Freeze                Ice            ###.         1%          1    #......
b - Throw Frost           Conj/Ice       ##....       6%          2    ###....
c - Ozocubu's Armour      Chrm/Ice       ##......     13%         3    ###....

Your spell library contained the following spells:

 Spells                   Type           Power        Failure   Level  Hunger
 Throw Icicle             Conj/Ice       ##......     38%         4    #####..
 Summon Ice Beast         Ice/Summ       ##......     47%         4    #####..
 Gell's Gravitas          Tloc           #.........   50%         3    ###....
 Animate Dead             Necr           N/A          88%         4    #####..
 Passage of Golubria      Tloc           N/A          88%         4    #####..


Dungeon Overview and Level Annotations

Branches:
Dungeon (7/15)             Temple (1/1) D:4

Altars:
Ashenzari
Cheibriados
Dithmenos
Fedhas
Gozag
Hepliaklqana
Kikubaaqudgha
Makhleb
Nemelex Xobeh
Okawaru
Qazlal
Ru
Sif Muna
Trog
Uskayaw
Vehumet
Wu Jian
Xom
Yredelemnul
Zin
The Shining One

Shops:
D:6 }

Annotations:
D:5 Ijyb
D:7 1 runed door, coffeespoons's ghost, novice TrMo


Message History

Okay, then.
Casting: Freeze (safe; 1% risk of failure)
Confirm with . or Enter, or press ? or * to list all spells.
Aiming: Freeze (safe; 1% risk of failure)
Press: ? - help, Shift-Dir - straight line, f/p - slime creature
Aim: a slime creature (severely wounded)
You freeze the slime creature.
The slime creature is almost dead.
You are feeling hungry.
The slime creature hits you!
* * * LOW HITPOINT WARNING * * *
Casting: Freeze (safe; 1% risk of failure)
Confirm with . or Enter, or press ? or * to list all spells.
Aiming: Freeze (safe; 1% risk of failure)
Press: ? - help, Shift-Dir - straight line, f/p - slime creature
Aim: a slime creature (almost dead)
You freeze the slime creature.
The slime creature is almost dead.
The slime creature hits you.
You die...

.# #............#
####.###.###..#####.#
#.(......# ##.# ### ## #
#J##.###.####.##### ##8###8##
#.##.###..........##8...8...8
#.# ...#.#####..<.##.........
#.# ##.#.# ##.....#>.........
#.###....###.J....##.........
#.##.......+@.....##8.. 8...8
#........###......# # ##8
###.##.### ##.....# #.####
##.....# #.# ##...## #.#
##+## #.# #.. #.#


You could see a slime creature.

Vanquished Creatures
  A slime creature (D:7)
  An ice beast (D:7)
  A phantom (D:6)
  An orc warrior (D:6)
  An eye of draining (D:7)
  An ogre (D:5)
  A big kobold (D:5)
  3 bullfrogs (D:6)
  A gnoll sergeant (D:6)
  A scorpion (D:5)
  3 crimson imps
  A centaur zombie (D:4)
  A bullfrog zombie (D:5)
  A hound (D:5)
  2 orc priests
  3 jellies
  3 orc wizards
  3 iguanas
  3 worker ants
  2 hound zombies
  Robin (D:2)
  9 gnolls
  5 adders
  2 shadow imps
  2 adder zombies
  An ooze (D:2)
  A worm (D:2)
  3 dart slugs
  3 leopard geckos
  26 orcs
  6 giant cockroaches
  14 goblins
  10 hobgoblins
  11 jackals
  8 kobolds
  2 quokkas
  2 ball pythons
  3 bats
  2 frilled lizards (D:2)
  6 rats
151 creatures vanquished.

Vanquished Creatures (others)
  A bullfrog (D:7)
  A scorpion (D:7)
  An adder (D:7)
  A giant cockroach (D:7)
4 creatures vanquished.

Grand Total: 155 creatures vanquished

Notes
Turn   | Place    | Note
-------+----------+-------------------------------------------
     0 | D:1      | tilp the Merfolk Ice Elementalist began the quest for the
                  | Orb.
     0 | D:1      | Reached XP level 1. HP: 13/13 MP: 3/3
   226 | D:1      | Reached XP level 2. HP: 12/19 MP: 1/5
   997 | D:2      | Noticed Robin
  1005 | D:1      | Reached skill level 1 in Polearms
  1005 | D:1      | Reached XP level 3. HP: 13/24 MP: 2/6
  1503 | D:2      | Reached skill level 2 in Polearms
  1632 | D:2      | Killed Robin
  1654 | D:1      | Reached XP level 4. HP: 9/30 MP: 4/7
  1663 | D:1      | Learned a level 2 spell: Throw Frost
  1667 | D:1      | Learned a level 3 spell: Ozocubu's Armour
  2294 | D:2      | Found a sparkling altar of Nemelex Xobeh.
  2371 | D:2      | Found a bloodstained altar of Trog.
  2565 | D:3      | Reached skill level 3 in Polearms
  2633 | D:3      | Reached skill level 5 in Ice Magic
  2645 | D:3      | Reached XP level 5. HP: 21/35 MP: 1/8
  2976 | D:3      | Found a faded altar of an unknown god.
  2987 | D:3      | Reached skill level 4 in Polearms
  3649 | D:4      | Found a staircase to the Ecumenical Temple.
  3653 | Temple   | Entered the Ecumenical Temple
  3837 | Temple   | Became a worshipper of Makhleb the Destroyer
  3878 | D:4      | Noticed a phantom
  4224 | D:4      | Reached skill level 5 in Polearms
  4224 | D:4      | Reached XP level 6. HP: 41/41 MP: 1/9
  5178 | D:5      | Entered Level 5 of the Dungeon
  5185 | D:5      | Identified Josu's Handbook of Sinister Orientation
  5194 | D:5      | Found a blossoming altar of Fedhas.
  5278 | D:5      | Noticed an ice beast
  5329 | D:5      | Reached skill level 1 in Fighting
  5329 | D:5      | Reached skill level 6 in Polearms
  5362 | D:5      | Reached XP level 7. HP: 9/49 MP: 6/10
  5882 | D:5      | Reached skill level 7 in Polearms
  6158 | D:5      | Noticed Ijyb
  6233 | D:5      | Reached * piety under Makhleb
  6330 | D:5      | Found an opulent altar of Gozag.
  6441 | D:5      | Reached skill level 8 in Polearms
  7009 | D:6      | Reached XP level 8. HP: 48/58 MP: 3/11
  7021 | D:6      | Reached skill level 5 in Dodging
  7547 | D:6      | Reached skill level 9 in Polearms
  8030 | D:6      | Found a snail-covered altar of Cheibriados.
  8030 | D:6      | Found Destunt's Gadget Boutique.
  8041 | D:6      | Reached ** piety under Makhleb
  8128 | D:7      | Found a shimmering altar of Xom.
  8139 | D:7      | Reached skill level 10 in Polearms
  8606 | D:7      | Reached skill level 11 in Polearms
  8704 | D:7      | Found an iron altar of Okawaru.
  8835 | D:7      | Reached XP level 9. HP: 52/65 MP: 12/12
  9054 | D:7      | Noticed coffeespoons's ghost (novice TrMo)
  9101 | D:7      | Found a hazy altar of Hepliaklqana.
  9169 | D:7      | Found a runed door.
  9265 | D:7      | Reached skill level 12 in Polearms
  9265 | D:7      | Reached skill level 1 in Conjurations
  9265 | D:7      | Reached skill level 1 in Charms
  9510 | D:7      | HP: 2/65 [slime creature (9)]
  9511 | D:7      | Slain by a slime creature

Vault maps used:
D:1:      dpeg_arrival_chase
D:2:      lightli_temple_of_fire, nemelex_altar_shiori, uniq_robin
D:3:      chequers_ecumenical_altar_simple_redux, kennysheep_flooded_box,
          minmay_misc_feat_encased
D:4:      minmay_temple_entry_butterflies, first_ration
D:5:      nicolae_overflow_crystal_walls, lemuel_doored_altar, uniq_ijyb
D:6:      cheibriados_altar_1, serial_shops, shop
D:7:      xom_confusion_cloud, nicolae_overflow_hidden_temple,
          old_standard_altar, hellmonk_ghost_happy_afterlife
Temple:   regret_index_temple_generic_petals

Skill      XL: |  1  2  3  4  5  6  7  8  9 |
---------------+----------------------------+-----
Ice Magic      | 4 5 6 |  6.0
Polearms       | 1 2 3 5 6 8 11 12 | 12.0
Dodging        | 3 4 6 |  6.1
Fighting       | 1 3 4 |  4.0
Conjurations   | 1 |  1.2
Charms         | 1 |  1.1
Stealth        | |  2.1
Spellcasting   | |  2.2

Action                   |  1- 3 |  4- 6 |  7- 9 || total
-------------------------+-------+-------+-------++-------
Melee: Dagger            |    33 |   150 |    66 ||   249
       Spear             |       |    50 |       ||    50
       Trident           |       |       |   242 ||   242
Throw: Stone             |     1 |     3 |     7 ||    11
 Cast: Freeze            |    44 |    18 |    79 ||   141
       Throw Frost       |       |     3 |    12 ||    15
       Ozocubu's Armour  |       |     7 |    15 ||    22
  Use: Scroll            |       |       |     7 ||     7
       Potion            |       |       |     2 ||     2
 Stab: Sleeping          |     1 |     6 |     4 ||    11
       Distracted        |       |       |     1 ||     1
  Eat: Chunk             |     3 |     9 |    18 ||    30
       Ration            |       |     1 |       ||     1
Armor: Robe              |     6 |       |       ||     6
       Animal skin       |       |    51 |    69 ||   120
Dodge: Dodged            |    46 |   124 |   197 ||   367

Table legend:
 A = Non-vault XP
 B = Vault XP
 C = Vault XP percentage of total XP
 D = Non-vault monster count
 E = Vault monster count
 F = Vault count percentage of total count
                 A         B        C        D         E       F
            +---------+---------+-------+---------+---------+-------
      Total |    2708 |      56 |   2.0 |     134 |      17 |  11.3
            +---------+---------+-------+---------+---------+-------
        D:1 |      37 |       4 |   9.8 |      15 |       2 |  11.8
        D:2 |      30 |      31 |  50.8 |      14 |       9 |  39.1
        D:3 |     116 |       0 |   0.0 |      22 |       0 |   0.0
        D:4 |     189 |       0 |   0.0 |      13 |       0 |   0.0
        D:5 |     797 |       0 |   0.0 |      34 |       0 |   0.0
        D:6 |     781 |       0 |   0.0 |      22 |       0 |   0.0
        D:7 |     758 |      21 |   2.7 |      14 |       6 |  30.0
            +---------+---------+-------+---------+---------+-------
